 Dungeon Crawl Stone Soup version 0.22.1-1-ga44c0e5 (webtiles) character file.

873 Stormphoenix the Spear-Bearer (level 8, 0/56 HPs)
             Began as a Merfolk Gladiator on Oct 29, 2018.
             Slain by an ice beast (4 damage)
             ... on level 6 of the Dungeon.
             The game lasted 00:12:04 (5290 turns).

Stormphoenix the Spear-Bearer (Merfolk Gladiator)   Turns: 5290, Time: 00:12:05

Health: 0/56       AC:  8    Str: 20    XL:     8   Next: 4%
Magic:  8/8        EV: 13    Int:  9    God:
Gold:   243        SH:  4    Dex: 15    Spells: 7/7 levels left

rFire    . . .     SeeInvis .   a - +1 trident
rCold    . . .     Gourm    .   (no shield)
rNeg     . . .     Faith    .   m - +0 ring mail
rPois    .         Spirit   .   c - +1 helmet
rElec    .         Reflect  +   (no cloak)
rCorr    .         Harm     .   (no gloves)
MR       +....                  t - +0 pair of boots
Stlth    +.........             i - +4 amulet of reflection
HPRegen  0.18/turn              o - ring of protection from magic
MPRegen  0.11/turn              q - ring of wizardry

@: mighty, flying
A: change form in water, swift swim, stealthy swim
a: no special abilities


You were on level 6 of the Dungeon.
You were hungry.

You visited 1 branch of the dungeon, and saw 6 of its levels.

You collected 243 gold pieces.

Inventory:

Hand Weapons
 a - a +1 trident (weapon)
Missiles
 d - 5 throwing nets (quivered)
Armour
 c - a +1 helmet (worn)
 m - a +0 ring mail (worn)
 t - a +0 pair of boots (worn)
Jewellery
 i - a +4 amulet of reflection (around neck)
 o - a ring of protection from magic (left hand)
 p - an uncursed ring of protection from fire {unknown}
 q - a ring of wizardry (right hand)
 r - a cursed -2 ring of strength {unknown}
 s - an uncursed ring of flight
 u - a cursed ring of teleportation {unknown}
 w - an uncursed amulet of regeneration {unknown}
Scrolls
 e - 2 scrolls of teleportation
 k - a scroll of fear
Potions
 b - a potion of lignification
 l - a potion of degeneration {unknown}
Comestibles
 f - 10 rations


   Skills:
 - Level 2.2 Fighting
 + Level 12.7 Polearms
 - Level 2.0 Throwing
 - Level 4.2 Dodging


You had 7 spell levels left.
You didn't know any spells.
Your spell library contained the following spells:

 Spells                   Type           Power        Failure   Level  Hunger
 Beastly Appendage        Tmut           #.....       26%         1    ##.....
 Shock                    Conj/Air       #...         26%         1    ##.....
 Sticks to Snakes         Tmut           #.......     38%         2    ###....
 Swiftness                Chrm/Air       #.......     38%         2    ###....
 Spider Form              Tmut/Pois      #.........   61%         3    ####...
 Static Discharge         Conj/Air       #.......     61%         3    ####...
 Airstrike                Air            #.........   93%         4    #####..
 Ice Form                 Ice/Tmut       #.......     93%         4    #####..
 Blade Hands              Tmut           #.........   99%         5    ######.
 Lightning Bolt           Conj/Air       #.........   99%         5    ######.


Dungeon Overview and Level Annotations

Branches:
Dungeon (6/15)
 Temple: D:4-7

Altars:
Ashenzari
Elyvilon
Wu Jian


Message History

You have reached level 8!
The leopard gecko completely misses you.
The leopard gecko barely misses you.
You see here an arrow.
You hit the ice beast but do no damage. The ice beast hits you.
The ice beast freezes you!
* * * LOW HITPOINT WARNING * * *
You feel very buoyant.
You fly up into the air.
The ice beast hits you but does no damage.
It was a potion of might.
You feel very mighty all of a sudden. The ice beast hits you.
* * * LOW HITPOINT WARNING * * *
The ice beast freezes you.
* * * LOW HITPOINT WARNING * * *
You puncture the ice beast!
The ice beast is moderately wounded.
The ice beast hits you.
You die...

. ..########
.........#### #
.....###.@Yl###.###
.......)###(......#
#####...####......#
###....#.)....#
#..#........#
#.....##...#####
....>.#..###...
..##.....# .....
... .... .....


You could see an ice beast and a leopard gecko.

Vanquished Creatures
  Edmund (D:4)
  Duvessa (D:5)
  3 centaurs
  Dowan (D:5)
  A scorpion (D:5)
  An orc priest (D:4)
  A hound (D:5)
  An orc wizard (D:3)
  2 worker ants
  A hound skeleton (D:5)
  Robin (D:2)
  A gnoll (D:6)
  A howler monkey skeleton (D:4)
  3 adders
  3 worms
  2 dart slugs
  3 leopard geckos
  9 orcs
  2 bats (D:3)
  8 giant cockroaches
  13 goblins
  8 hobgoblins
  4 jackals
  7 kobolds
  A quokka (D:4)
  5 frilled lizards
  A leopard gecko zombie (D:5)
  4 rats
89 creatures vanquished.

Notes
Turn   | Place    | Note
-------+----------+-------------------------------------------
     0 | D:1      | Stormphoenix the Merfolk Gladiator began the quest for the
                  | Orb.
     0 | D:1      | Reached XP level 1. HP: 16/16 MP: 1/1
   253 | D:1      | Reached XP level 2. HP: 22/22 MP: 2/2
   374 | D:1      | Reached skill level 5 in Polearms
  1243 | D:2      | Reached XP level 3. HP: 23/27 MP: 3/3
  1328 | D:2      | Reached skill level 6 in Polearms
  1715 | D:2      | Noticed Robin
  1736 | D:2      | Killed Robin
  1738 | D:2      | Reached XP level 4. HP: 24/33 MP: 4/4
  2140 | D:3      | Reached skill level 7 in Polearms
  2261 | D:3      | Reached XP level 5. HP: 36/38 MP: 5/5
  2395 | D:3      | Reached skill level 8 in Polearms
  2626 | D:3      | Found an ornate altar of the Wu Jian Council.
  2729 | D:4      | Noticed Edmund
  2809 | D:4      | Killed Edmund
  2809 | D:4      | Reached skill level 9 in Polearms
  2809 | D:4      | Reached XP level 6. HP: 16/44 MP: 6/6
  3011 | D:4      | Found a shattered altar of Ashenzari.
  3041 | D:4      | Found a white marble altar of Elyvilon.
  3334 | D:4      | Reached skill level 10 in Polearms
  4115 | D:5      | Entered Level 5 of the Dungeon
  4283 | D:5      | Noticed Dowan
  4287 | D:5      | Noticed Duvessa
  4295 | D:5      | Reached XP level 7. HP: 23/50 MP: 7/7
  4326 | D:5      | Killed Duvessa
  4326 | D:5      | Reached skill level 11 in Polearms
  4346 | D:5      | Killed Dowan
  4956 | D:5      | Reached skill level 12 in Polearms
  5282 | D:6      | Reached XP level 8. HP: 22/56 MP: 8/8
  5290 | D:6      | Slain by an ice beast

Skill      XL: |  1  2  3  4  5  6  7 |
---------------+----------------------+-----
Polearms       | 5 6 7 9 10 12 | 12.7
Fighting       | |  2.2
Throwing       | |  2.0
Dodging        | |  4.2

Action                   |  1- 3 |  4- 6 |  7- 9 || total
-------------------------+-------+-------+-------++-------
Melee: Trident           |    84 |   188 |    99 ||   371
  Use: Scroll            |     2 |     8 |     4 ||    14
       Potion            |     2 |     3 |     7 ||    12
 Stab: Sleeping          |     2 |       |       ||     2
       Invisible         |       |     2 |       ||     2
  Eat: Chunk             |     2 |     7 |     1 ||    10
       Ration            |       |     1 |       ||     1
Armor: Leather armour    |    10 |       |       ||    10
       Ring mail         |     9 |    51 |    18 ||    78
       Skin              |       |       |    19 ||    19
Dodge: Dodged            |    39 |    93 |    42 ||   174
Block: Other             |       |       |     7 ||     7
